 Dungeon Crawl Stone Soup version 0.31-a0-426-g3a05650e59 (webtiles) character file.

Game seed: 15841753074093935156

317 Jase the Ruffian (level 6, -2/47 HPs)
             Began as a Draconian Shapeshifter on July 31, 2023.
             Was an Initiate of Gozag.
             Slain by Pikel
             ... wielding a +1 whip of electrocution
              (11 damage)
             ... on level 4 of the Dungeon.
             The game lasted 00:10:53 (3538 turns).

Jase the Ruffian (Draconian Shapeshifter)           Turns: 3538, Time: 00:10:55

Health: -2/47      AC:  6    Str: 17    XL:     6   Next: 20%
Magic:  6/6        EV: 12    Int:  8    God:    Gozag
Gold:   456        SH:  0    Dex: 14    Spells: 5/5 levels left

rFire   . .          .
                       - Unarmed
rCold   . . .        (no shield)
rNeg    . . .        (body armour unavailable)
rPois   .            (helmet currently unavailable)
rElec   .            (cloak currently unavailable)
rCorr   .            h - melded +0 pair of gloves
SInv    .            (boots currently unavailable)
Will    .....        (no amulet)
Stlth   +            (no ring)
HPRegen 0.27/turn    (no ring)
MPRegen 0.10/turn

%: no passive effects
@: beast-form
A: beast (slay +3), AC +6, unfitting armour, cold-blooded
a: Begin Untransformation, Renounce Religion, Potion Petition, Call Merchant,
Bribe Branch


You were on level 4 of the Dungeon.
You worshipped Gozag.
Gozag was aware of your devotion.
You were a hulking beast.
You visited 1 branch of the dungeon, and saw 4 of its levels.

You collected 456 gold pieces.

Inventory:

Hand Weapons
 k - the +12 long sword of Unreason {pain, *Noise rC+++ Will- Int+2 Dex+2}
   (You found it on level 2 of the Dungeon)

   Int:       It affects your intelligence (+2).
   Dex:       It affects your dexterity (+2).
   rC:        It renders you almost immune to cold.
   *Noise:    It may make noises in combat.
   Will:      It decreases your willpower.
Armour
 h - a +0 pair of gloves (melded)
Talismans
 b - a beast talisman (active)
 c - a storm talisman
Wands
 r - a wand of flame (21)
Scrolls
 j - 2 scrolls of amnesia {unknown}
 m - 4 scrolls of identify {unknown}
 n - a scroll of fog {unknown}
 p - a scroll of noise {unknown}
 q - a scroll of poison {unknown}
 s - a scroll of revelation {unknown}
 t - 3 scrolls of teleportation {unknown}
Potions
 d - 2 potions of magic {unknown}
 e - a potion of enlightenment {unknown}
 f - a potion of haste {unknown}
 g - 2 potions of might {unknown}
 i - a potion of curing {unknown}
 l - 2 potions of degeneration {unknown}
 o - 3 potions of attraction {unknown}


   Skills:
 - Level 1.1 Fighting
 - Level 1.7 Dodging
 + Level 5.3 Unarmed Combat
 + Level 4.8 Shapeshifting


You had 5 spell levels left.
You didn't know any spells.
Your spell library contained the following spells:

 Spells                   Type           Power      Damage    Failure   Level
 Sting                    Tmut/Pois      0%         1d3       41%         1
 Poisonous Vapours        Pois/Air       0%         N/A       54%         2
 Stone Arrow              Conj/Erth      0%         3d7       78%         3
 Olgreb's Toxic Radiance  Pois           0%         N/A       99%         4
 Lehudib's Crystal Spear  Conj/Erth      0%         10d2      100%        8
 Animate Armour           Summ/Erth      Unusable   N/A       N/A         4

Dungeon Overview and Level Annotations

Branches:
Dungeon (4/15)
 Temple: D:4-7

Altars:
Cheibriados
Gozag
Qazlal
Yredelemnul

Shops:
D:3 [   D:4 *=[

Annotations:
D:4 2 transporters, 3 runed translucent doors, Pikel; bahustanut's ghost, amateur OpSh


Innate Abilities, Weirdness & Mutations

You are a hulking beast.
Your limbs bulge with bestial killing power. (Slay +3)
Your plain brown scales are hard. (AC +6)
You cannot fit into any form of body armour.
You are cold-blooded and may be slowed by cold attacks.


Message History

Pikel closely misses you.
You punch Pikel!
Pikel is lightly wounded.
Pikel hits you but does no damage.
You closely miss Pikel.
Pikel is lightly wounded.
Pikel hits you with a +1 whip of electrocution.
You hit Pikel but do no damage.
Pikel is lightly wounded.
Pikel barely misses you.
You barely miss Pikel.
Pikel is lightly wounded.
Pikel closely misses you.
You closely miss Pikel.
Pikel is lightly wounded.
Pikel barely misses you.
You punch Pikel!
Pikel is moderately wounded.
Pikel says, "I'm sure they'll be treated well, anyway."
Pikel hits you with a +1 whip of electrocution.
You closely miss Pikel.
Pikel is moderately wounded.
You punch Pikel!
Pikel is severely wounded.
Pikel hits you but does no damage.
You hit Pikel.
Pikel is severely wounded.
Pikel hits you with a +1 whip of electrocution.
You are electrocuted!
You hit Pikel but do no damage.
Pikel is severely wounded.
Pikel hits you but does no damage.
You are electrocuted!
* * * LOW HITPOINT WARNING * * *
You hit Pikel.
Pikel is severely wounded.
Pikel hits you with a +1 whip of electrocution.
* * * LOW HITPOINT WARNING * * *
You are electrocuted!
You die...
Your body crumbles into a pile of gold.

##.#####.##.#
#.# #...##
#.##.# #.#
..#..###.##.#
#.#
.###.....##.#
#.#
..#..######.#
##.# ....##
#.# #..#
##### #.#
#.## #.# #.#
#h# #K#
####### #5#
...... #5#
....# ...
....# ##..#
<...# # ....
....##.#
#...#
..K....#
#...#


You could see Pikel and 2 lemures.

Vanquished Creatures
  2 lemures
  2 scorpions (D:4)
  An orc priest (D:3)
  An iguana (D:3)
  5 adders
  A worm (D:4)
  3 dart slugs
  12 orcs
  6 ball pythons
  13 endoplasms
  6 giant cockroaches
  8 goblins
  4 hobgoblins
  5 bats
  3 frilled lizards
  6 kobolds
  4 rats
82 creatures vanquished.

Notes
Turn   | Place    | Note
-------+----------+-------------------------------------------
     0 | D:1      | Jase the Draconian Shapeshifter began the quest for the
                  | Orb.
     0 | D:1      | Reached XP level 1. HP: 16/16 MP: 1/1
   165 | D:1      | Reached XP level 2. HP: 17/23 MP: 2/2
   471 | D:1      | Reached XP level 3. HP: 27/28 MP: 3/3
   973 | D:2      | Identified the +12 long sword of Unreason {pain, *Noise
                  | rC+++ Will- Int+2 Dex+2}
  1299 | D:2      | Reached skill level 4 in Unarmed Combat
  1754 | D:3      | Found a faded altar of an unknown god.
  1762 | D:3      | Prayed at the altar of an unknown god.
  1762 | D:3      | Became a worshipper of Gozag Ym Sagoz the Greedy
  1769 | D:3      | Found a basalt altar of Yredelemnul.
  1781 | D:3      | Reached XP level 4. HP: 35/35 MP: 4/4
  1845 | D:3      | Found a snail-covered altar of Cheibriados.
  1948 | D:3      | Found Axzirchay's Armour Shop.
  2009 | D:3      | Found a stormy altar of Qazlal.
  2187 | D:3      | Found an opulent altar of Gozag.
  2444 | D:4      | Noticed Pikel
  2444 | D:4      | Noticed a lemure
  2444 | D:4      | Noticed a lemure
  2444 | D:4      | Noticed a lemure
  2444 | D:4      | Noticed a lemure
  2444 | D:4      | Found Biteigat's Jewellery Shoppe.
  2452 | D:3      | Reached XP level 5. HP: 28/40 MP: 5/5
  2641 | D:4      | Found Ygaazor's Antique Armour Shoppe.
  2716 | D:4      | Found a transporter.
  2774 | D:4      | Reached skill level 5 in Unarmed Combat
  2813 | D:4      | Found a transporter.
  2818 | D:4      | Found Dofuniest's General Store.
  2903 | D:4      | Reached XP level 6. HP: 26/47 MP: 6/6
  3080 | D:4      | Found a runed translucent gate.
  3080 | D:4      | Found a runed translucent gate.
  3080 | D:4      | Found a runed translucent gate.
  3116 | D:4      | Noticed bahustanut's ghost (amateur OpSh)
  3538 | D:4      | Slain by Pikel

Illustrated notes

Levels and vault maps discovered:
D:1:      minmay_arrival_loop, layout_loops_ring, serial_glass, glass_columns_c,
          glass_columns_b
D:2:      layout_loops_corners, serial_park_tiny_2
D:3:      layout_basic, mainiacjoe_overflow_small_starburst, lemuel_tele_altar,
          marbit_many_paths, amcnicky_altar_gilded,
          ebering_ecumenical_altar_abandoned, serial_shops,
          nicolae_shop_behind_doors
D:4:      cheibrodos_quashed, layout_loops_ring, serial_shops,
          nicolae_shop_drivethru, nicolae_stop_n_shop_1,
          nicolae_shop_tiny_waterfront, gammafunk_ghost_icy, uniq_pikel

Skill      XL: |  1  2  3  4  5 |
---------------+----------------+-----
Unarmed Combat | 4 5 |  5.3
Shapeshifting  | 4 |  4.8
Fighting       | |  1.1
Dodging        | |  1.7

Action                     |  1- 3 |  4- 6 || total
---------------------------+-------+-------++-------
  Melee: Unarmed           |    89 |   132 ||   221
         Punch             |     3 |     1 ||     4
         Tailslap          |    13 |    18 ||    31
  Evoke: Wand              |       |     1 ||     1
    Use: Potion            |       |     1 ||     1
   Stab: Sleeping          |     2 |     2 ||     4
         Distracted        |       |     1 ||     1
 Armour: Skin              |    23 |    37 ||    60
  Dodge: Dodged            |    58 |    47 ||   105
         Form:             |     2 |       ||     2
         Beast             |     2 |       ||     2

Table legend: (Time is in decaauts)
 A = Elapsed time spent in this place.
 B = Non-inter-level travel time spent in this place.
 C = Inter-level travel time spent in this place.
 D = Time resting spent in this place.
 E = Time spent auto-exploring this place.
 F = Levels seen in this place.
 G = Mean time per level.
                   A        B        C        D        E       F      G
               +--------+--------+--------+--------+--------+-----+--------+
         Total |   3534 |   3429 |    105 |    383 |   2361 |   4 |  883.5 |
       Dungeon |   3534 |   3429 |    105 |    383 |   2361 |   4 |  883.5 |
               +--------+--------+--------+--------+--------+-----+--------+

Top non-repeatable levels by time:
     D:3: 1062 daAuts
     D:2: 966 daAuts
     D:4: 849 daAuts
     D:1: 656 daAuts
